 Dungeon Crawl Stone Soup version 0.30.1-11-g7821555f0a (webtiles) character file.

Game seed: 13746576594557973386

1961 SacredBeard the Purveyor of Pain (level 9, 0/63 HPs)
             Began as a Demonspawn Necromancer on Nov 18, 2023.
             Was an Initiate of Kikubaaqudgha.
             Succumbed to a kobold brigand's curare-tipped dart
             ... on level 5 of the Dungeon.
             The game lasted 00:14:49 (5337 turns).

SacredBeard the Purveyor of Pain (DsNe)             Turns: 5337, Time: 00:14:52

Health: 0/63       AC: 12    Str: 10    XL:     9   Next: 0%
Magic:  5/12       EV:  9    Int: 19    God:    Kikubaaqudgha [......]
Gold:   251        SH:  0    Dex: 14    Spells: 7/12 levels left

rFire   + . .        w - +0 dagger (protect)
rCold   . . .        (no shield)
rNeg    . . .        v - +3 scale mail {rF+}
rPois   .            (no helmet)
rElec   .            (no cloak)
rCorr   .            (no gloves)
SInv    .            u - +0 pair of boots
Will    .....        m - amulet of guardian spirit
Stlth   +            (no ring)
HPRegen 0.30/turn    (no ring)
MPRegen 0.26/turn

%: guardian spirit
@: lethally poisoned (0 -> -17), hasted and slowed
A: molten scales 1, spiny 1, magic regeneration, demonic touch 2
a: Renounce Religion


You were on level 5 of the Dungeon.
You worshipped Kikubaaqudgha.
Kikubaaqudgha was noncommittal.
You visited 2 branches of the dungeon, and saw 7 of its levels.

You collected 271 gold pieces.
You spent 20 gold pieces at shops.

Inventory:

Hand Weapons
 l - a +0 spear
 w - a +0 dagger of protection (weapon)
Missiles
 g - 7 boomerangs
 k - 43 stones
 o - 2 poisoned darts
Armour
 u - a +0 pair of boots (worn)
 v - a +3 scale mail of fire resistance (worn)
Jewellery
 m - an amulet of guardian spirit (around neck)
Wands
 y - a wand of mindburst (6)
Scrolls
 a - 2 scrolls of amnesia {unknown}
 d - a scroll of magic mapping {unknown}
 e - 5 scrolls of teleportation {unknown}
 n - a scroll of poison {unknown}
 t - 3 scrolls of enchant armour {unknown}
 z - 2 scrolls of fog {unknown}
 A - a scroll of noise {unknown}
 B - a scroll of enchant weapon {unknown}
Potions
 b - a potion of magic
 c - a potion of curing {unknown}
 f - 2 potions of haste
 h - a potion of invisibility {unknown}
 i - a potion of lignification {unknown}
 j - a potion of flight {unknown}
 p - a potion of mutation {unknown}
 q - 2 potions of brilliance {unknown}
 r - a potion of attraction {unknown}
 s - a potion of ambrosia {unknown}
 x - 2 potions of berserk rage {unknown}
 C - a potion of heal wounds {unknown}


   Skills:
 - Level 3.0 Fighting
 - Level 2.0 Throwing
 - Level 2.0 Armour
 - Level 2.0 Dodging
 - Level 3.0 Stealth
 - Level 2.0 Spellcasting
 + Level 11.3 Necromancy
 + Level 3.8 Evocations


You had 7 spell levels left.
You knew the following spells:

 Your Spells              Type           Power      Damage    Failure   Level
a - Necrotise             Necr           100%       1d9       1%          1
b - Animate Dead          Necr           44%        N/A       11%         4

Your spell library contained the following spells:

 Spells                   Type           Power      Damage    Failure   Level
 Vampiric Draining        Necr           44%        2d9       3%          3
 Agony                    Necr           44%        N/A       30%         5
 Beastly Appendage        Tmut           2%         N/A       73%         1
 Anguish                  Hex/Necr       11%        N/A       73%         4
 Ensorcelled Hibernation  Hex/Ice        2%         N/A       86%         2
 Lesser Beckoning         Tloc           2%         N/A       86%         2
 Wereblood                Tmut           1%         N/A       86%         2
 Gell's Gravitas          Tloc           1%         N/A       97%         3
 Spider Form              Tmut/Pois      1%         N/A       97%         3
 Teleport Other           Tloc           1%         N/A       97%         3
 Blade Hands              Tmut           0%         N/A       100%        5
 Irradiate                Conj/Tmut      0%         3d11      100%        5
 Dragon Form              Tmut           0%         N/A       100%        7


Dungeon Overview and Level Annotations

Branches:
Dungeon (6/15) Zot: 26984  Temple (1/1) D:4 Zot: 5927

Altars:
Ashenzari
Cheibriados
Dithmenos
Fedhas
Gozag
Kikubaaqudgha
Nemelex Xobeh
Okawaru
Ru
Sif Muna
Trog
Vehumet
Wu Jian
Yredelemnul

Shops:
D:2 ==(*?   D:3 :


Innate Abilities, Weirdness & Mutations

You are partially covered in molten scales. (AC +2)
You are partially covered in sharp spines.
You regenerate magic rapidly.
Your touch may inflict irresistible damage on your foes.


Message History

You feel as though you will be slow longer.
Casting: Necrotise (safe; 1% risk of failure)
Confirm with . or Enter, or press ? or * to list all spells.
Aiming: Necrotise (safe; 1% risk of failure)
Press: ? - help, Shift-Dir - straight line, f/p - kobold brigand
Aim: a kobold brigand, wielding a +0 whip and quivering curare-tipped darts (ally target, chance to affect: 83%)
The kobold brigand barely resists.
You feel extremely sick.
The kobold brigand throws a curare-tipped dart.
The curare-tipped dart hits you.
You are lethally poisoned!
You have difficulty breathing.
You feel as though you will be slow longer.
Your kobold skeleton closely misses the kobold brigand.
Casting: Necrotise (safe; 1% risk of failure)
Confirm with . or Enter, or press ? or * to list all spells.
You can't see any susceptible monsters within range! (Use Z to cast anyway.) Unknown command.
There is a lethal amount of poison in your body!
Okay, then.
Okay, then.
It was a potion of haste.
You feel yourself speed up.
* * * LOW HITPOINT WARNING * * *
You feel extremely sick.
Your kobold skeleton hits the kobold brigand but does no damage.
You swap places.
* * * LOW HITPOINT WARNING * * *
You feel extremely sick.
The kobold brigand hits your kobold skeleton with a +0 whip.
Your kobold skeleton hits the kobold brigand but does no damage. x2
There is a stone staircase leading up here.
* * * LOW HITPOINT WARNING * * *
You feel very sick.
The kobold brigand throws a curare-tipped dart.
The curare-tipped dart hits your kobold skeleton.
Your kobold skeleton hits the kobold brigand but does no damage.
You climb upwards.
Your mindless puppets stay behind to rot.
You die...
Kikubaaqudgha rasps: "You have failed me!
Welcome... death!"

##.#......## ### ###........#
#.# #........).## ####.##
###......#...#
##.#...####..#....##..##
##.......#....##..#.#..#####
#.........#..........)..#..##
##........###...........#....
####......#@..........##..##
###...#.#.................
#.....#...................
##........................
###......###........#......
##.#...#...###.#.....#..#...
#......#...##..........###..
#..........#..........#####.
#..........##.#......###.#'#


There were no monsters in sight!

Vanquished Creatures
  A two-headed ogre (D:5)
  Grinder (D:3)
  2 black bears
  An ogre (D:4)
  A centaur (D:5)
  A phantom (D:3)
  3 scorpions
  A jelly (D:5)
  A hound (D:4)
  An orc priest (D:5)
  2 sleepcaps
  Ijyb (D:4)
  Natasha (thrice) (D:2)
  Terence (D:2)
  3 iguanas
  2 orc wizards (D:4)
  4 gnolls (D:5)
  7 adders
  A white imp (D:5)
  A worm (D:3)
  A dart slug (D:5)
  12 orcs
  2 ball pythons
  8 endoplasms
  6 giant cockroaches
  2 goblins
  11 hobgoblins
  3 jackals
  5 quokkas
  5 bats
  5 frilled lizards
  10 kobolds
  3 rats
111 creatures vanquished.

Vanquished Creatures (collateral kills)
  4 orcs
  2 hobgoblins (D:1)
  A quokka (D:1)
  A rat (D:1)
8 creatures vanquished.

Grand Total: 119 creatures vanquished

Notes
Turn   | Place    | Note
-------+----------+-------------------------------------------
     0 | D:1      | SacredBeard the Demonspawn Necromancer began the quest for
                  | the Orb.
     0 | D:1      | Reached XP level 1. HP: 13/13 MP: 3/3
   241 | D:1      | Gained mutation: Your touch may inflict minor irresistible
                  | damage on your foes. [demonic ancestry]
   241 | D:1      | Reached XP level 2. HP: 3/20 MP: 1/5
  1050 | D:1      | Reached skill level 1 in Fighting
  1104 | D:2      | Gained mutation: You regenerate magic rapidly. [demonic
                  | ancestry]
  1104 | D:2      | Reached XP level 3. HP: 23/26 MP: 3/6
  1150 | D:2      | Found Bunwupa's General Store.
  1248 | D:2      | Noticed Natasha
  1253 | D:2      | Killed Natasha
  1254 | D:2      | Reached skill level 1 in Armour
  1254 | D:2      | Reached skill level 5 in Necromancy
  1302 | D:2      | Found Paesium's Magic Scroll Boutique.
  1318 | D:2      | Bought a scroll of identify for 20 gold pieces
  1345 | D:2      | Found Wossigau's Antique Weapon Boutique.
  1374 | D:2      | Found Baqauj's Jewellery Shoppe.
  1375 | D:2      | Found Num Bion's Jewellery Shoppe.
  1394 | D:2      | Noticed Natasha
  1401 | D:2      | Gained mutation: You are partially covered in molten
                  | scales. (AC +2) [demonic ancestry]
  1401 | D:2      | Reached XP level 4. HP: 32/32 MP: 2/7
  1428 | D:2      | Killed Natasha
  1468 | D:2      | Noticed Natasha
  1475 | D:2      | Killed Natasha
  1693 | D:2      | Found a faded altar of an unknown god.
  2048 | D:2      | Learned a level 4 spell: Animate Dead
  2332 | D:3      | Noticed Grinder
  2362 | D:2      | Gained mutation: Your touch may inflict irresistible damage
                  | on your foes. [demonic ancestry]
  2362 | D:2      | Reached XP level 5. HP: 37/38 MP: 2/8
  2424 | D:3      | Noticed Terence
  2446 | D:2      | Killed Terence
  2572 | D:3      | Killed Grinder
  2573 | D:3      | Reached skill level 6 in Necromancy
  2573 | D:3      | Reached XP level 6. HP: 43/46 MP: 9/9
  2781 | D:3      | Found a shimmering blue altar of Sif Muna.
  2826 | D:3      | Found Qaupra's Vocational Training.
  3164 | D:4      | Reached XP level 7. HP: 52/52 MP: 4/10
  3174 | D:4      | Reached skill level 7 in Necromancy
  3560 | D:4      | Found a staircase to the Ecumenical Temple.
  3567 | D:4      | Reached skill level 8 in Necromancy
  3572 | Temple   | Entered the Ecumenical Temple
  3623 | Temple   | Became a worshipper of Kikubaaqudgha
  3745 | D:4      | Found a basalt altar of Yredelemnul.
  3745 | D:4      | Noticed Ijyb
  3752 | D:4      | Killed Ijyb
  4079 | D:5      | Entered Level 5 of the Dungeon
  4149 | D:5      | Reached skill level 9 in Necromancy
  4317 | D:4      | Reached XP level 8. HP: 55/58 MP: 6/11
  4497 | D:5      | Reached skill level 10 in Necromancy
  4518 | D:5      | Found a snail-covered altar of Cheibriados.
  4757 | D:5      | Noticed a two-headed ogre
  4773 | D:5      | Killed a two-headed ogre
  4774 | D:5      | Reached skill level 11 in Necromancy
  5162 | D:5      | Found an opulent altar of Gozag.
  5184 | D:5      | Found a shadowy altar of Dithmenos.
  5278 | D:5      | Found a sparkling altar of Nemelex Xobeh.
  5327 | D:6      | Gained mutation: You are partially covered in sharp spines.
                  | [demonic ancestry]
  5327 | D:6      | Reached XP level 9. HP: 63/63 MP: 8/12
  5337 | D:5      | Succumbed to a kobold brigand's curare-tipped dart

Illustrated notes

Levels and vault maps discovered:
D:1:      lemuel_arrival_muddy, layout_basic
D:2:      layout_basic, shapermc_ecumenical_altar_pompeii, serial_shops,
          nicolae_shop_trees, shop, nicolae_shop_stone, shop, shop,
          minmay_surrounded, uniq_natasha
D:3:      layout_basic, led_sif_pool, nicolae_shop_vocational, uniq_grinder,
          uniq_terence
D:4:      layout_rooms, mainiacjoe_overflow_concentric_impassable,
          minmay_temple_entry_stoned_glass, minmay_cupped, uniq_ijyb
D:5:      layout_cave_pools, amethyst_overflow_temple_binary,
          nemelex_diamond_rough_becter, kennysheep_slug_shrine
D:6:      layout_loops_ring, xom_teletrap_fun,
          mainiacjoe_overflow_six_doors_small, chequers_avenue
Temple:   hellmonk_temple_of_storms

Skill      XL: |  1  2  3  4  5  6  7  8 |
---------------+-------------------------+-----
Dodging        | 2 |  2.0
Stealth        | 2 3 |  3.0
Fighting       | 1 2 3 |  3.0
Armour         | 1 2 |  2.0
Necromancy     | 5 6 9 11 | 11.3
Throwing       | 2 |  2.0
Evocations     | 3 |  3.8
Spellcasting   | |  2.0

Action                     |  1- 3 |  4- 6 |  7- 9 || total
---------------------------+-------+-------+-------++-------
  Melee: Dagger            |    21 |    22 |    60 ||   103
         Touch             |       |     7 |     9 ||    16
  Throw: Stone             |       |     1 |     1 ||     2
         Boomerang         |       |       |     1 ||     1
   Cast: Necrotise         |    69 |    67 |   148 ||   284
    Use: Scroll            |     1 |       |       ||     1
         Potion            |       |       |     1 ||     1
 Armour: Robe              |     1 |     4 |       ||     5
         Scale mail        |       |     8 |    75 ||    83
  Dodge: Dodged            |    28 |    19 |    50 ||    97
